Map: Sequencer LE

Players

Stephano

  • Race: Zerg Zerg
  • Spawn Location: 7:00

Serral - Winner!

  • Race: Zerg Zerg
  • Spawn Location: 1:00

Event: WCS Jonkoping 2017

VOD

Have the link to the VOD?

Description

Time

  • Played on: June 18, 2017, 6 a.m.
  • Length: 7:49

All games in this series

Show
View Real Time Build Order
Export as new Build Order

Stephano Zerg 

Build Orders: Hatch First 

Get SALT Encoding   

  12  0:00  Drone  
  13  0:13  Overlord  
  13  0:18  Drone  
  14  0:31  Drone x2  
  14  0:35  Drone  
  17  0:53  Hatchery  
  17  0:55  Drone  
  17  0:58  Drone  
  18  1:08  Extractor  
  17  1:14  Spawning Pool  
  17  1:17  Drone  
  17  1:19  Drone  
  18  1:28  Drone  
  19  1:40  Overlord  
  19  1:52  Drone  
  20  2:00  Queen  
  22  2:01  Zergling x2  
  22  2:04  Queen  
  22  2:05  Zergling x2  
  26  2:08  Metabolic Boost  
  26  2:12  Drone  
  27  2:17  Drone  
  28  2:27  Drone x2  
  30  2:34  Drone  
  30  2:36  Queen  
  33  2:39  Drone  
  34  2:46  Drone  
  35  2:53  Hatchery  
  35  2:57  Baneling Nest  
  33  3:01  Overlord  
  33  3:07  Drone x3  
  36  3:20  Drone x5  
  36  3:26  Drone x2  
  42  3:29  Overlord  
  42  3:32  Drone  
  43  3:39  Extractor  
  42  3:45  Drone  
  42  3:46  Overlord  
  43  3:48  Zergling x2  
  43  3:51  Drone  
  43  3:54  Drone x2  
  47  3:56  Overlord  
  47  3:57  Drone x2  
  47  3:58  Drone  
  50  4:03  Extractor  
  50  4:05  Evolution Chamber, Drone  
  50  4:06  Baneling  
  50  4:07  Lair, Baneling  
  49  4:10  Drone x2  
  49  4:15  Drone  
  52  4:17  Drone x2  
  52  4:22  Roach Warren  
  52  4:23  Drone x2  
  55  4:27  Zergling x2  
  56  4:32  Drone  
  56  4:34  Drone x2  
  56  4:36  Zerg Missile Weapons Level 1  
  59  4:39  Drone  
  59  4:40  Drone  
  61  4:46  Drone x2  
  61  4:48  Baneling x2  
  61  4:50  Drone x2  
  61  4:51  Drone  
  61  4:52  Overlord  
  66  4:53  Drone  
  66  4:57  Drone  
  66  4:58  Extractor  
  66  4:59  Extractor  
  66  5:02  Queen  
  66  5:06  Glial Reconstitution  
  68  5:08  Roach x3  
  68  5:09  Overseer  
  68  5:10  Overlord  
  68  5:13  Pneumatized Carapace  
  74  5:15  Extractor  
  74  5:17  Overlord  
  72  5:21  Drone  
  72  5:22  Drone x3  
  76  5:28  Drone  
  76  5:29  Drone x4  
  76  5:31  Drone x3  
  76  5:32  Drone  
  76  5:35  Roach  
  87  5:36  Roach  
  89  5:44  Roach x3  
  89  5:49  Overlord x2  
  95  5:59  Overlord  
  95  6:00  Overlord  
  95  6:01  Hatchery  
  94  6:08  Roach x5  
  94  6:09  Ravager x2  
  106  6:11  Overlord  
  106  6:15  Overlord  
  106  6:17  Overlord  
  106  6:18  Ravager x3  
  106  6:19  Ravager x2  
  106  6:20  Roach  
  106  6:23  Roach  
  106  6:24  Roach  
  117  6:31  Roach x3  
  117  6:32  Roach x2  
  119  6:34  Ravager x3  
  119  6:37  Roach x2  
  119  6:39  Roach  
  120  6:42  Roach  
  120  6:43  Roach  
  119  6:48  Roach x3  
  119  6:50  Roach  
  118  6:56  Roach x4  
  118  7:00  Roach  
  95  7:09  Roach x4  
  95  7:14  Roach  
  89  7:17  Roach  
  89  7:20  Roach  
  89  7:21  Roach  
  78  7:23  Roach  
  78  7:24  Roach x2  
Show
View Real Time Build Order
Export as new Build Order

Serral Zerg - Winner!

Build Orders: Hatch First, Roach Nydus 

Get SALT Encoding   

  12  0:00  Drone  
  13  0:12  Overlord  
  13  0:17  Drone  
  14  0:31  Drone x2  
  14  0:34  Drone  
  17  0:52  Hatchery  
  17  0:55  Drone  
  17  1:08  Spawning Pool  
  17  1:11  Drone  
  17  1:15  Drone  
  18  1:35  Hatchery  
  18  1:38  Drone  
  18  1:41  Drone  
  18  1:44  Drone  
  20  1:55  Queen  
  22  2:04  Queen  
  22  2:05  Zergling x2  
  25  2:13  Spine Crawler  
  24  2:16  Overlord  
  24  2:20  Drone  
  24  2:22  Drone  
  26  2:26  Drone  
  26  2:28  Drone  
  28  2:34  Queen  
  30  2:37  Drone  
  30  2:38  Drone  
  30  2:39  Drone  
  30  2:43  Drone  
  35  2:49  Queen  
  37  2:51  Drone  
  37  2:55  Overlord  
  38  2:59  Drone  
  38  3:00  Drone  
  38  3:02  Drone  
  38  3:04  Drone  
  42  3:08  Extractor  
  42  3:09  Extractor  
  42  3:12  Drone x2  
  41  3:15  Drone  
  41  3:16  Drone x2  
  41  3:18  Drone  
  45  3:22  Evolution Chamber, Drone  
  45  3:29  Roach Warren, Drone  
  45  3:32  Drone  
  45  3:33  Drone  
  47  3:34  Drone  
  47  3:36  Drone  
  47  3:40  Overlord  
  49  3:43  Overlord  
  49  3:48  Overlord  
  49  3:49  Extractor  
  49  3:50  Drone  
  49  3:51  Drone  
  50  3:56  Zerg Missile Weapons Level 1  
  50  4:00  Drone x3  
  50  4:01  Drone  
  54  4:03  Drone  
  54  4:04  Drone  
  54  4:05  Drone  
  54  4:08  Drone  
  59  4:10  Drone  
  59  4:12  Drone  
  59  4:14  Lair  
  59  4:16  Drone  
  61  4:24  Queen  
  61  4:25  Queen  
  61  4:30  Overlord  
  65  4:33  Extractor  
  65  4:34  Overlord  
  65  4:36  Drone x2  
  65  4:37  Overlord  
  66  4:45  Roach x4  
  74  4:51  Overlord  
  74  4:52  Roach x3  
  80  5:00  Queen x2  
  80  5:06  Roach x3  
  90  5:13  Overseer, Nydus Network  
  89  5:15  Queen  
  91  5:32  Roach x3  
  91  5:35  Hatchery  
  96  5:36  Queen, Roach x2  
  96  5:42  Overlord x2  
  102  5:50  Nydus Canal  
  102  5:51  Roach x2  
  102  5:52  Glial Reconstitution  
  106  6:01  Roach x3, Overlord  
  106  6:02  Roach  
  114  6:08  Nydus Canal  
  114  6:09  Roach x2  
  118  6:13  Roach x2  
  118  6:17  Overlord x2  
  122  6:19  Overlord  
  122  6:24  Nydus Canal  
  122  6:31  Roach x3  
  126  6:33  Roach x2  
  126  6:36  Roach  
  128  6:40  Roach  
  128  6:42  Roach  
  130  6:48  Roach x3  
  130  6:50  Roach  
  128  6:54  Roach  
  128  6:57  Roach x2  
  128  6:59  Queen x2  
  128  7:08  Roach  
  128  7:09  Roach x3  
  128  7:10  Roach  
  128  7:11  Roach  
  128  7:14  Roach  
  130  7:18  Roach x2  
  130  7:21  Roach  
  130  7:22  Roach  
  136  7:26  Roach  
  136  7:28  Roach  
Tags
 
Add a new tag
Caveats
  • Supply blocks, unpowered buildings, or Contaminate may cause inaccurate times.
  • Supply counts are checked every 10 seconds.